 Dungeon Crawl Stone Soup version 0.30-a0-568-g124715a40b (webtiles) character file.

Game seed: 8003545621173717547

184 OTABOTABOTAB the Insei (level 5, -1/41 HPs)
             Began as a Gnoll Transmuter on Dec 26, 2022.
             Slain by a jelly (3 damage)
             ... on level 3 of the Dungeon on Dec 28, 2022.
             The game lasted 00:07:32 (2586 turns).

OTABOTABOTAB the Insei (Gnoll Transmuter)           Turns: 2586, Time: 00:07:32

Health: -1/41      AC: -2    Str: 12    XL:     5   Next: 64%
Magic:  9/12       EV: 22    Int: 12    God:
Gold:   143        SH:  0    Dex: 17    Spells: 6/14 levels left

rFire   . . .      SeeInvis .      - Unarmed
rCold   . . .      Faith    .    (shield currently unavailable)
rNeg    . . .      Spirit   .    (body armour currently unavailable)
rPois   x          Reflect  .    (helmet currently unavailable)
rElec   .          Harm     .    (cloak currently unavailable)
rCorr   +          Rampage  .    (gloves currently unavailable)
Will    .....                    (boots currently unavailable)
Stlth   ++                       (no amulet)
HPRegen 0.26/turn                X - ring of resist corrosion
MPRegen 0.13/turn                (no ring)

@: spider-form, corroded
A: venomous fangs, tiny, (fangs 1), strong nose, distributed training
a: End Transformation


You were on level 3 of the Dungeon.
You were a venomous arachnid creature.
You visited 1 branch of the dungeon, and saw 4 of its levels.

You collected 143 gold pieces.

Inventory:

Missiles
 h - 5 poisoned darts
 j - 5 boomerangs
 s - 24 stones
Armour
 a - a +0 robe (melded)
 m - a +0 pair of gloves
   (You found it on level 4 of the Dungeon)
Jewellery
 X - a ring of resist corrosion (left front leg)
   (You found it on level 4 of the Dungeon)
Scrolls
 b - 2 scrolls of teleportation {unknown}
 c - a scroll of enchant armour {unknown}
 i - 2 scrolls of identify {unknown}
 k - a scroll of enchant weapon {unknown}
 l - a scroll of amnesia {unknown}
 n - a scroll of fear {unknown}
Potions
 d - a potion of heal wounds {unknown}
 e - a potion of magic {unknown}
 f - 2 potions of mutation {unknown}
 g - a potion of brilliance {unknown}
 P - 3 potions of lignification {!q}


   Skills:
 + Level 3.1 Fighting
 + Level 1.6 Short Blades
 + Level 1.6 Long Blades
 + Level 1.6 Axes
 + Level 1.6 Maces & Flails
 + Level 1.6 Polearms
 + Level 1.6 Staves
 + Level 1.6 Ranged Weapons
 + Level 1.6 Throwing
 + Level 1.6 Armour
 + Level 4.8 Dodging
 + Level 1.6 Stealth
 + Level 1.6 Shields
 + Level 6.7 Unarmed Combat
 + Level 5.2 Spellcasting
 + Level 1.3 Conjurations
 + Level 1.3 Hexes
 + Level 1.3 Summonings
 + Level 1.3 Necromancy
 + Level 1.3 Translocations
 + Level 4.0 Transmutations
 + Level 1.3 Fire Magic
 + Level 1.3 Ice Magic
 + Level 1.3 Air Magic
 + Level 1.3 Earth Magic
 + Level 1.3 Poison Magic
 + Level 1.9 Invocations
 + Level 1.6 Evocations


You had 6 spell levels left.
You knew the following spells:

 Your Spells              Type           Power      Damage    Failure   Level
a - Beastly Appendage     Tmut           24%        N/A       12%         1
b - Ice Form              Ice/Tmut       9%         N/A       75%         4
c - Spider Form           Tmut/Pois      9%         N/A       38%         3

Your spell library contained the following spells:

 Spells                   Type           Power      Damage    Failure   Level
 Wereblood                Tmut           12%        N/A       16%         2
 Summon Guardian Golem    Hex/Summ       6%         N/A       56%         3
 Orb of Destruction       Conj           3%         9d5       100%        7
 Spellforged Servitor     Conj/Summ      3%         N/A       100%        7


Dungeon Overview and Level Annotations

Branches:
Dungeon (4/15)
 Temple: D:4-7

Altars:
Elyvilon
Nemelex Xobeh
Ru

Annotations:
D:4 Pikel


Innate Abilities, Weirdness & Mutations

You are a venomous arachnid creature.
You have poisonous fangs.
You are tiny and dextrous.
Your spellcasting is less reliable in this form.
Your armour is entirely melded.
You are incapable of wielding weapons or throwing items.
((You have very sharp teeth.))
Your uncanny sense of smell can sniff out nearby items.
Your experience applies equally to all skills.


Message History

Your transformation has ended.
Your +0 robe unmelds from your body.
You start resting.
An iguana comes into view.
You regained 14 hp, and now have 38/41 hp.
MP restored: 12 Unknown command.
You see here a +0 dagger.
You start resting.
Health restored: 41 An iguana is nearby!
You see here a +0 dagger.
The spell is quite dangerous to miscast (21% risk of failure)!
Continue anyway?
You turn into a venomous arachnid creature.
Your +0 robe melds into your body.
The iguana hisses angrily.
You now have 9/12 mp.
You bite the iguana!
The iguana is poisoned.
The iguana misses you.
You bite the iguana!
The iguana looks as sick as possible!
You kill the iguana!
You see here an iguana corpse.
Your transformation has ended.
Your +0 robe unmelds from your body.
You see here a +0 dagger.
Things that are here:
a +0 dagger; a +0 sling
n - a scroll labelled UWNALL TIMAETY MP restored: 12
f - 2 grey potions (gained 1)
Found a stone staircase leading up.
A lemure comes into view.
You see here 11 gold pieces.
A lemure is nearby!
The lemure shouts!
You see here 11 gold pieces.
You see here 11 gold pieces.
There is a stone staircase leading up here.
The spell is quite dangerous to miscast (19% risk of failure)!
Continue anyway?
You turn into a venomous arachnid creature.
Your +0 robe melds into your body.
You now have 9/12 mp.
A lemure comes into view.
The lemure shouts!
You hit the lemure.
The lemure is poisoned.
The lemure barely misses you.
You hit the lemure. The lemure hits you.
Pikel, Merchant of Souls comes into view.
He is wielding a +0 whip of electrocution, wearing a +2 robe of resistance and carrying a wand of mindburst (8).
You take 6 damage, and have 35/41 hp.
You barely miss the lemure.
Pikel shouts!
A lemure comes into view.
The lemure hits you but does no damage.
You hit the lemure.
The lemure looks as sick as possible!
You bite the lemure!
You kill the lemure!
That felt strangely unrewarding.
A jelly comes into view.
A lemure comes into view.
Your transformation is almost over.
The lemure completely misses you.
You climb upwards.
There is a stone staircase leading down here.
You hit the lemure.
The lemure is poisoned.
The lemure closely misses you.
You hit the lemure. The lemure barely misses you.
You hit the lemure but do no damage.
The lemure looks as sick as possible!
The lemure hits you but does no damage.
You bite the lemure!
You kill the lemure!
That felt strangely unrewarding.
You climb downwards.
Level annotation: Pikel Your transformation has ended.
Your +0 robe unmelds from your body.
The lemure hits you.
Pikel zaps a wand.
Your mind is blasted!
The jelly hits you. The acid corrodes you!
You are splashed with acid.
You resist. The jelly closely misses you. The lemure hits you!
There is a stone staircase leading up, spattered with blood here.
You take 24 damage, and have 14/41 hp.
MASSIVE DAMAGE!!
The lemure misses you. The jelly closely misses you.
You climb upwards.
There is a stone staircase leading down here.
The spell is quite dangerous to miscast (19% risk of failure)!
Continue anyway?
You turn into a venomous arachnid creature.
Your +0 robe melds into your body.
The lemure hits you.
* * * LOW HITPOINT WARNING * * *
The jelly closely misses you.
You take 6 damage, and have 9/41 hp.
You now have 8/12 mp.
You hit the lemure. The lemure completely misses you.
The jelly closely misses you.
You bite the lemure! The lemure hits you.
* * * LOW HITPOINT WARNING * * *
The jelly completely misses you.
You take 1 damage, and have 9/41 hp.
You hit the lemure. You hit the lemure.
The lemure is poisoned.
The lemure closely misses you. The jelly completely misses you.
You bite the lemure! The lemure hits you!
* * * LOW HITPOINT WARNING * * *
The jelly hits you.
You die...

#### ...# #######
...###.....#######
...'.'..........s##
...###.........5.J# ...#
#............#
...###............#
....##............########
....##...................#
....####..≈.≈≈≈≈≈≈≈.####.####
....#####.≈.......≈.........#
..........≈.≈≈≈≈≈.≈..###.##.#


You could see a lemure (very poisoned) and a jelly.

Vanquished Creatures
  2 lemures
  A necrophage (D:4)
  An iguana (D:4)
  An adder (D:4)
  An ufetubus (D:4)
  2 worms (D:3)
  4 dart slugs
  2 orcs
  4 bats
  7 endoplasms
  5 goblins
  7 hobgoblins
  7 jackals
  A quokka (D:1)
  6 ball pythons
  3 frilled lizards
  7 kobolds
  3 rats
64 creatures vanquished.

Notes
Turn   | Place    | Note
-------+----------+-------------------------------------------
     0 | D:1      | OTABOTABOTAB the Gnoll Transmuter began the quest for the
                  | Orb.
     0 | D:1      | Reached XP level 1. HP: 17/17 MP: 6/6
     0 | D:1      | Upgraded the game from 0.30-a0-540-g0af01429fa to
                  | 0.30-a0-568-g124715a40b
   135 | D:1      | Reached XP level 2. HP: 22/23 MP: 5/7
   353 | D:1      | Reached skill level 5 in Spellcasting
   353 | D:1      | Reached XP level 3. HP: 25/28 MP: 6/9
   686 | D:1      | Reached skill level 1 in Invocations
   811 | D:2      | Learned a level 3 spell: Spider Form
  1183 | D:2      | Found a faded altar of an unknown god.
  1319 | D:2      | Found a sacrificial altar of Ru.
  1554 | D:3      | Reached skill level 1 in Short Blades
  1554 | D:3      | Reached skill level 1 in Long Blades
  1554 | D:3      | Reached skill level 1 in Axes
  1554 | D:3      | Reached skill level 1 in Maces & Flails
  1554 | D:3      | Reached skill level 1 in Polearms
  1554 | D:3      | Reached skill level 1 in Staves
  1554 | D:3      | Reached skill level 1 in Ranged Weapons
  1554 | D:3      | Reached skill level 1 in Throwing
  1554 | D:3      | Reached skill level 1 in Armour
  1554 | D:3      | Reached skill level 1 in Stealth
  1554 | D:3      | Reached skill level 1 in Shields
  1554 | D:3      | Reached skill level 1 in Evocations
  1757 | D:3      | Found a sparkling altar of Nemelex Xobeh.
  1843 | D:3      | Reached XP level 4. HP: 34/34 MP: 9/11
  1848 | D:3      | Learned a level 4 spell: Ice Form
  1900 | D:3      | Found a white marble altar of Elyvilon.
  2338 | D:4      | Reached skill level 1 in Conjurations
  2338 | D:4      | Reached skill level 1 in Hexes
  2338 | D:4      | Reached skill level 1 in Summonings
  2338 | D:4      | Reached skill level 1 in Necromancy
  2338 | D:4      | Reached skill level 1 in Translocations
  2338 | D:4      | Reached skill level 1 in Fire Magic
  2338 | D:4      | Reached skill level 1 in Ice Magic
  2338 | D:4      | Reached skill level 1 in Air Magic
  2338 | D:4      | Reached skill level 1 in Earth Magic
  2338 | D:4      | Reached skill level 1 in Poison Magic
  2358 | D:4      | Noticed a necrophage
  2371 | D:4      | Killed a necrophage
  2372 | D:4      | Reached skill level 3 in Fighting
  2372 | D:4      | Reached skill level 4 in Transmutations
  2372 | D:4      | Reached XP level 5. HP: 24/41 MP: 9/12
  2553 | D:4      | Noticed a lemure
  2562 | D:4      | Noticed a lemure
  2565 | D:4      | Noticed Pikel
  2566 | D:4      | Noticed a lemure
  2568 | D:4      | Killed a lemure
  2568 | D:4      | Noticed a lemure
  2576 | D:3      | Killed a lemure
  2581 | D:3      | HP: 9/41 [lemure[Pikel] (6)]
  2586 | D:3      | HP: 2/41 [lemure[Pikel] (7)]
  2586 | D:3      | Slain by a jelly

Illustrated notes

Levels and vault maps discovered:
D:1:      onia_arrival_pyramid, layout_basic
D:2:      layout_basic, shapermc_ecumenical_altar_hornbeckon, basic_altar
D:3:      layout_basic, mainiacjoe_overflow_concentric_impassable,
          mainiacjoe_overflow_tiny_flanked
D:4:      minmay_bubble_buster, layout_rooms, mainiacjoe_overflow_paths,
          minmay_bisected, uniq_pikel

Skill      XL: |  1  2  3  4 |
---------------+-------------+-----
Spellcasting   | 5 |  5.2
Invocations    | 1 |  1.9
Short Blades   | 1 |  1.6
Long Blades    | 1 |  1.6
Axes           | 1 |  1.6
Maces & Flails | 1 |  1.6
Polearms       | 1 |  1.6
Staves         | 1 |  1.6
Ranged Weapons | 1 |  1.6
Throwing       | 1 |  1.6
Armour         | 1 |  1.6
Stealth        | 1 |  1.6
Shields        | 1 |  1.6
Evocations     | 1 |  1.6
Conjurations   | 1 |  1.3
Hexes          | 1 |  1.3
Summonings     | 1 |  1.3
Necromancy     | 1 |  1.3
Translocations | 1 |  1.3
Fire Magic     | 1 |  1.3
Ice Magic      | 1 |  1.3
Air Magic      | 1 |  1.3
Earth Magic    | 1 |  1.3
Poison Magic   | 1 |  1.3
Fighting       | 3 |  3.1
Transmutations | 4 |  4.0
Dodging        | |  4.8
Unarmed Combat | |  6.7

Action                   |  1- 3 |  4- 6 || total
-------------------------+-------+-------++-------
Melee: Unarmed           |    90 |    78 ||   168
       Kick              |    14 |     5 ||    19
       Headbutt          |    10 |     2 ||    12
       Bite              |     7 |     4 ||    11
       Punch             |     1 |     1 ||     2
Throw: Stone             |     8 |       ||     8
 Cast: Beastly Appendage |    27 |     7 ||    34
       Spider Form       |       |     6 ||     6
 Abil: End Transformatio |    23 |     9 ||    32
 Stab: Sleeping          |     2 |       ||     2
Armor: Robe              |    12 |     9 ||    21
       Skin              |       |     4 ||     4
Dodge: Dodged            |    50 |    61 ||   111

Table legend: (Time is in decaauts)
 A = Elapsed time spent in this place.
 B = Non-inter-level travel time spent in this place.
 C = Inter-level travel time spent in this place.
 D = Time resting spent in this place.
 E = Time spent auto-exploring this place.
 F = Levels seen in this place.
 G = Mean time per level.
                   A        B        C        D        E       F      G
               +--------+--------+--------+--------+--------+-----+--------+
         Total |   2572 |   2492 |     80 |     90 |   1936 |   4 |  643.0 |
       Dungeon |   2572 |   2492 |     80 |     90 |   1936 |   4 |  643.0 |
               +--------+--------+--------+--------+--------+-----+--------+

Top non-repeatable levels by time:
     D:1: 795 daAuts
     D:2: 747 daAuts
     D:3: 668 daAuts
     D:4: 361 daAuts

Table legend:
 A = Kills in this place as a percentage of kills in entire the game.
 B = Kills by you in this place as a percentage of kills by you in the entire game.
 C = Kills by friends in this place as a percentage of kills by friends in the entire game.
 D = Other kills in this place as a percentage of other kills in the entire game.
 E = Experience gained in this place as a percentage of experience gained in the entire game.
 F = Experience gained in this place divided by the number of levels of this place that you have seen.
                   A       B       C       D       E      F
               +-------+-------+-------+-------+-------+----------------------
         Total | 100.0 | 100.0 |   N/A |   N/A | 100.0 |  66.0
       Dungeon | 100.0 | 100.0 |   N/A |   N/A | 100.0 |  66.0
               +-------+-------+-------+-------+-------+----------------------
